Map: Winter Madness LE

Players

JJSS - Winner!

  • Race: Terran Terran
  • League: Master
  • Spawn Location: 5:00

SCIInewby

  • Race: Protoss Protoss
  • League: Master
  • Spawn Location: 11:00

VOD

Have the link to the VOD?

Description

Time

  • Played on: Feb. 11, 2026, 11:22 a.m.
  • Length: 11:14
Show
View Real Time Build Order
Export as new Build Order

JJSS Terran - Winner!

Build Orders: Banshee Rush 

Get SALT Encoding   

  12  0:01  SCV  
  13  0:17  SCV, Supply Depot  
  14  0:29  Refinery, SCV  
  15  0:42  Barracks  
  15  0:45  SCV  
  16  0:58  SCV  
  17  1:10  SCV  
  18  1:22  SCV  
  19  1:27  Supply Depot  
  19  1:29  Refinery  
  19  1:39  Orbital Command  
  19  1:53  Factory  
  19  2:11  Marine  
  20  2:18  Supply Depot  
  20  2:29  Marine  
  21  2:38  Starport  
  21  2:42  Factory Tech Lab  
  21  2:43  Starport  
  21  2:49  Barracks Tech Lab  
  21  3:01  Engineering Bay  
  21  3:25  Cloaking Field  
  21  3:32  Banshee  
  24  3:34  Banshee  
  27  4:15  Banshee  
  30  4:17  Banshee  
  32  4:44  Command Center  
  32  4:45  Missile Turret  
  32  4:58  Banshee  
  35  5:00  Banshee  
  38  5:17  Fusion Core  
  38  5:46  Marine  
  39  6:00  SCV  
  40  6:04  Bunker, Marine  
  41  6:12  SCV  
  42  6:20  Orbital Command  
  42  6:22  Marine  
  42  6:25  SCV  
  44  6:35  Bunker  
  44  6:37  SCV  
  45  6:40  Marine  
  43  6:49  SCV  
  43  6:50  SCV  
  45  7:01  SCV  
  46  7:02  SCV  
  47  7:13  SCV  
  47  7:14  SCV  
  46  7:25  SCV  
  46  7:26  SCV  
  48  7:37  SCV  
  48  7:38  Battlecruiser  
  48  7:40  Battlecruiser  
  61  7:53  Command Center  
  61  7:56  Widow Mine  
  44  8:16  Orbital Command  
  44  8:17  Widow Mine  
  30  8:48  Orbital Command  
  26  9:06  Battlecruiser  
Show
View Real Time Build Order
Export as new Build Order

SCIInewby Protoss 

Build Orders: 1 Gate Expand 

Get SALT Encoding   

  12  0:00  Probe  
  13  0:12  Probe  
  14  0:21  Pylon  
  14  0:24  Probe  
  15  0:40  Gateway  
  15  0:41  Probe  
  16  0:49  Probe  
  17  0:57  Probe  
  17  0:58  Assimilator  
  18  1:16  Probe  
  19  1:25  Nexus  
  19  1:33  Probe  
  19  1:45  Probe  
  19  1:46  Forge  
  20  1:49  Zealot  
  22  1:58  Pylon, Probe  
  23  2:04  Assimilator  
  23  2:16  Probe  
  23  2:18  Cybernetics Core  
  26  2:22  Zealot  
  26  2:28  Probe  
  27  2:40  Probe  
  27  2:43  Probe  
  29  2:48  Photon Cannon  
  29  2:52  Probe  
  29  2:57  Pylon  
  30  3:01  Warp Gate, Probe  
  30  3:02  Probe  
  32  3:20  Pylon  
  32  3:27  Probe  
  32  3:28  Probe  
  32  3:31  Gateway  
  32  3:33  Gateway  
  34  3:43  Gateway  
  34  3:55  Photon Cannon  
  34  3:57  Probe, Photon Cannon  
  35  4:04  Zealot  
  35  4:09  Gateway  
  37  4:19  Protoss Ground Weapons Level 1, Twilight Council  
  37  4:20  Probe x2  
  39  4:24  Assimilator  
  39  4:40  Gateway  
  39  4:43  Gateway, Probe  
  39  4:45  Probe  
  39  4:51  Probe  
  39  4:52  Assimilator  
  41  4:53  Probe  
  43  5:00  Probe  
  43  5:02  Charge, Probe  
  45  5:16  Probe x2  
  45  5:20  Zealot x2  
  51  5:22  Zealot  
  51  5:26  Zealot  
  51  5:28  Probe x2  
  57  5:34  Dark Shrine  
  57  5:39  Pylon  
  57  5:42  Shield Battery  
  57  5:54  Pylon  
  57  5:57  Pylon, Zealot  
  57  5:59  Sentry, Pylon  
  57  6:01  Zealot  
  57  6:04  Zealot  
  65  6:08  Stalker  
  67  6:12  Stalker  
  67  6:17  Stalker  
  71  6:27  Zealot  
  71  6:28  Zealot x2  
  77  6:39  Stalker  
  71  6:40  Stalker  
  69  6:50  Pylon  
  69  6:52  Pylon  
  65  6:55  Dark Templar  
  57  7:08  Photon Cannon  
  55  7:15  Stalker  
  51  7:27  Photon Cannon  
  49  7:36  Pylon  
  44  7:40  Probe  
  45  7:54  Probe x2  
  43  8:17  Probe  
  43  8:18  Probe, Pylon  
  43  8:25  Probe  
  44  8:37  Probe x2  
  44  8:49  Probe x2  
  42  8:56  Dark Templar x2  
  42  9:05  Probe  
  42  9:09  Photon Cannon  
  35  9:17  Dark Templar  
  35  9:20  Archon  
  35  9:23  Dark Templar  
  39  9:31  Archon  
  35  9:35  Dark Templar x2  
  39  9:44  Stalker  
  23  10:08  Stalker x2  
  23  10:15  Zealot  
  23  10:27  Pylon  
  15  10:59  Archon  
Tags
 
Add a new tag
Caveats
  • Supply blocks, unpowered buildings, or Contaminate may cause inaccurate times.
  • Supply counts are checked every 10 seconds.